 Dungeon Crawl Stone Soup version 0.29.1-15-g9cfb28693d (webtiles) character file.

Game seed: 12122525228873070412

2 PhantomBowie the Shooter (level 1, -32/12 HPs)
             Began as a Kobold Hunter on Mar 7, 2023.
             Killed by an exploding jackal (36 damage)
             ... ignited by their inner flame
             ... on level 1 of the Dungeon.
             The game lasted 00:01:14 (29 turns).

PhantomBowie the Shooter (Kobold Hunter)              Turns: 29, Time: 00:01:14

Health: -32/12     AC:  3    Str:  8    XL:     1   Next: 33%
Magic:  1/1        EV: 14    Int: 10    God:
Gold:   0          SH:  0    Dex: 18    Spells: 0/0 levels left

rFire   . . .      SeeInvis .   a - +0 shortbow
rCold   . . .      Faith    .   (shield currently unavailable)
rNeg    . . .      Spirit   .   c - +0 leather armour
rPois   .          Reflect  .   (no helmet)
rElec   .          Harm     .   (no cloak)
rCorr   .          Rampage  .   (no gloves)
Will    .....                   (no boots)
Stlth   +++.......              (no amulet)
HPRegen 0.04/turn               (no ring)
MPRegen 0.07/turn               (no ring)

@: no status effects
A: small, no large weapons, nightstalker 3
a: no special abilities


You were on level 1 of the Dungeon.
You visited 1 branch of the dungeon, and saw 1 of its levels.

Inventory:

Hand Weapons
 a - a +0 shortbow (weapon)
Armour
 c - a +0 leather armour (worn)


   Skills:
 + Level 2.2 Fighting
 + Level 5.3 Ranged Weapons
 + Level 2.4 Dodging
 + Level 1.5 Stealth


You couldn't memorise any spells.
You didn't know any spells.
Your spell library was empty.

Dungeon Overview and Level Annotations

Branches:
Dungeon (1/15)

Altars:


Innate Abilities, Weirdness & Mutations

You are small and have problems with some larger weapons.
You are completely attuned to the shadows.


Message History

Fire: a) +0 shortbow
Press: ? - help, Q - select action Shift-Dir - straight line, f/p - jackal
Aim: a jackal (58% to hit)
You shoot an arrow. The arrow barely misses the jackal.
The jackal bites you but does no damage.
A jackal comes into view. x2
Fire: a) +0 shortbow
Press: ? - help, Q - select action Shift-Dir - straight line, f/p - jackal
Aim: a jackal (58% to hit)
You shoot an arrow. The arrow hits the jackal.
The jackal is severely wounded.
The jackal bites you. x2
A jackal comes into view.
As you read the scroll of immolation, it crumbles to dust.
The creatures around you are filled with an inner flame!
The jackal barely misses you. The jackal misses you.
The jackal attacks as you move away! The jackal closely misses you.
The jackal barely misses you. x2
The jackal attacks as you move away! The jackal closely misses you.
The jackal bites you.
The jackal bites you but does no damage.
The jackal attacks as you move away! The jackal closely misses you.
The jackal attacks as you move away! The jackal closely misses you.
The jackal bites you. The jackal attacks as you move away!
The jackal barely misses you.
Fire: a) +0 shortbow
Press: ? - help, Q - select action Shift-Dir - straight line, f/p - jackal
Aim: a jackal (severely wounded, inner flame, 58% to hit)
You shoot an arrow. The arrow hits the jackal.
The jackal explodes!
The fiery explosion engulfs the jackal.
Flame seeps out of the jackal.
The jackal is severely wounded.
The fiery explosion engulfs the jackal!!
The jackal explodes!
The fiery explosion engulfs the jackal!!!
The fiery explosion engulfs the jackal!
The jackal explodes!
The fiery explosion engulfs you!!!
Ouch! That really hurt!
You die...

..~~~...!...~
.........~~~~
........~~~~≈
~......~~≈≈≈≈
≈~~....~~≈≈≈≈
≈≈~~§§§§~≈≈≈
≈≈~~§§§§≈≈≈
≈≈≈~§§§§≈≈≈
≈~~.§@§~≈≈≈
≈~##'##~≈≈
≈##...##≈≈
#.....#≈≈
#..<..#
#..>..#
##...## #####


There were no monsters in sight!

Vanquished Creatures
  A goblin (D:1)
  4 jackals (D:1)
  A ball python (D:1)
6 creatures vanquished.

Notes
Turn   | Place    | Note
-------+----------+-------------------------------------------
     0 | D:1      | PhantomBowie the Kobold Hunter began the quest for the Orb.
     0 | D:1      | Reached XP level 1. HP: 12/12 MP: 1/1
    29 | D:1      | Killed by an exploding jackal... ignited by their inner
                  | flame

Illustrated notes

Levels and vault maps discovered:
D:1:      minmay_arrival_shoal_huts, layout_basic,
          hangedman_abyss_or_decor_lesser_grid, minmay_misc_feat_columns

Action                   || total
-------------------------++-------
 Fire: Shortbow          ||     8
  Use: Scroll            ||     1
Armor: Leather armour    ||     2
Dodge: Dodged            ||    10
